 Dungeon Crawl Stone Soup version 0.19.0-24-gb05acd6 (webtiles) character file.

1220 patrickswayze the Covert (level 8, -2/45 HPs)
             Began as a Deep Elf Chaos Knight on Nov 20, 2016.
             Slain by a gnoll
             ... wielding a +0 spear
              (5 damage)
             ... on level 7 of the Dungeon.
             The game lasted 00:13:49 (7582 turns).

patrickswayze the Covert (Deep Elf Chaos Knight)    Turns: 7582, Time: 00:13:50

Health: -2/45      AC:  6    Str: 11 (12) XL:     8   Next: 23%
Magic:  10/10      EV: 12    Int: 15 (18) God:    Xom [......]
Gold:   231        SH:  0    Dex: 13 (16) Spells: 1 memorised, 3 levels left

rFire  . . .     SeeInvis .     a - +1 short sword (chaos)
rCold  . . .     Gourm    .     b - +2 leather armour
rNeg   . . .     Faith    .     (no shield)
rPois  .         Spirit   .     e - +0 helmet
rElec  .         Reflect  .     (no cloak)
rCorr  +         Harm     .     (no gloves)
MR     .....                    (no boots)
Stlth  ++........               (no amulet)
                                m - ring of resist corrosion
                                k - +3 ring of strength

@: glowing
A: no striking features
a: Renounce Religion


You were on level 7 of the Dungeon.
You worshipped Xom.
You were a very special plaything of Xom.
You were very hungry.

You visited 1 branch of the dungeon, and saw 7 of its levels.

You collected 231 gold pieces.


   Skills:
 - Level 2.4 Fighting
 + Level 5.9 Short Blades
 - Level 0.7 Armour
 - Level 2.4 Dodging
 - Level 10.8 Stealth


You had 3 spell levels left.
You knew the following spells:

 Your Spells              Type           Power        Failure   Level  Hunger
Z - Petrify               Tmut/Erth      #.......     100%        4    #####..

Inventory:

Hand Weapons
 a - a +1 short sword of chaos (weapon)
Missiles
 n - 39 poisoned needles
 y - 139 stones (quivered)
Armour
 b - a +2 leather armour (worn)
 e - a +0 helmet (worn)
Jewellery
 k - a +3 ring of strength (left hand)
 m - a ring of resist corrosion (right hand)
 G - an uncursed ring of protection from fire {unknown}
Wands
 f - a wand of slowing (9/48)
 h - a wand of digging (11/24)
 w - a wand of acid (5/15)
Scrolls
 d - 2 scrolls of amnesia {unknown}
 j - 3 scrolls of remove curse
 p - a scroll of teleportation
 q - a scroll of enchant armour {unknown}
 t - a scroll of enchant weapon
 A - a scroll of blinking
 E - a scroll of random uselessness {unknown}
Potions
 g - a potion of degeneration
 o - a potion of agility {unknown}
 r - a potion of berserk rage {unknown}
 s - a potion of curing {unknown}
 u - a potion of cancellation {unknown}
 v - a potion of lignification {unknown}
 z - a potion of flight {unknown}
 B - a potion of might {unknown}
 D - a potion of heal wounds {unknown}
Books
 C - a book of Geomancy

   Spells                             Type                      Level
   a - Sandblast                      Earth                        1
   b - Passwall                       Transmutation/Earth          2
   c - Stone Arrow                    Conjuration/Earth            3
   d - Petrify                        Transmutation/Earth          4
   e - Lee's Rapid Deconstruction     Earth                        5
 H - a book of Flames

   Spells                             Type                      Level
   a - Flame Tongue                   Conjuration/Fire             1
   b - Throw Flame                    Conjuration/Fire             2
   c - Conjure Flame                  Conjuration/Fire             3
   d - Inner Flame                    Hexes/Fire                   3
   e - Sticky Flame                   Conjuration/Fire             4
   f - Fireball                       Conjuration/Fire             5
Comestibles
 c - a bread ration
 i - 3 fruits
 x - 2 meat rations
 F - a royal jelly


Message History

The gnoll shaman is heavily wounded.
The gnoll shaman hits you with a club.
You hit the gnoll shaman but do no damage.
The gnoll shaman is heavily wounded.
The gnoll shaman hits you with a club!
* * * LOW HITPOINT WARNING * * *
Unknown command.
It was a potion of degeneration.
There was something very wrong with that liquid.
You feel weakened.
You feel dopey.
You feel clumsy.
The gnoll shaman hits you but does no damage.
The gnoll barely misses you.
It was a potion of cure mutation.
It has a very clean taste.
You feel agile.
You feel robust.
You regain control of your magic.
You feel stable.
The gnoll shaman calls upon its god to speed up the gnoll.
The gnoll seems to speed up.
The gnoll hits you from afar with a spear.
You die...
Xom chuckles heartily!

......##.##...######...
......##.##..........#
..).gg##.##..........#
......##.##..#.g.....#
......##.##..........# .
##...)##.###.###'#..###...
...............ggg........
##....##.###..####g.####.
#....##.# #....@gg.#
#....##.# #.#####g##
#######.# #.# #.# #.# #.#
#.# #.# #.# #.# #.# #.#
#.# #.# .#


You could see a gnoll shaman and 3 gnolls.

Vanquished Creatures
  Pikel (D:4)
  2 sky beasts (D:6)
  An ogre (D:5)
  A big kobold (D:5)
  2 crimson imps
  4 hounds
  An orc wizard (D:6)
  Natasha (D:1)
  Robin (D:2)
  4 adders
  A shadow imp (D:6)
  2 oozes
  2 worms
  5 leopard geckos
  9 orcs
  6 bats
  3 giant cockroaches
  21 goblins
  10 hobgoblins
  9 jackals
  2 ball pythons
  5 frilled lizards
  2 jackal zombies (D:6)
  3 kobolds
  8 rats
106 creatures vanquished.

Vanquished Creatures (others)
  A porcupine (shapeshifter) (D:4)
  An iguana (D:4)
  A jackal (D:3)
  5 fungi (D:6)
8 creatures vanquished.

Grand Total: 114 creatures vanquished

Notes
Turn   | Place    | Note
-------+----------+-------------------------------------------
     0 | D:1      | patrickswayze the Deep Elf Chaos Knight began the quest for the Orb.
     0 | D:1      | Reached XP level 1. HP: 13/13 MP: 3/3
    39 | D:1      | Reached skill level 1 in Stealth
    71 | D:1      | Reached skill level 2 in Stealth
   194 | D:1      | Reached XP level 2. HP: 18/18 MP: 4/4
   366 | D:1      | Reached skill level 3 in Stealth
   680 | D:1      | XOM: 2-stop teleportation journey
   723 | D:1      | XOM: harmless Necr miscast
   801 | D:1      | XOM is BORED!
   801 | D:1      | XOM: stat loss: -1 Str (8/9)
   897 | D:2      | Reached XP level 3. HP: 18/22 MP: 5/5
   981 | D:2      | Noticed Sigmund
  1092 | D:2      | Reached skill level 4 in Stealth
  1220 | D:2      | Noticed Robin
  1231 | D:2      | Killed Robin
  1256 | D:2      | Found a glowing golden altar of the Shining One.
  1442 | D:1      | XOM: summons 1 hostile demon
  1696 | D:2      | Reached XP level 4. HP: 23/27 MP: 6/6
  1711 | D:2      | Found a snail-covered altar of Cheibriados.
  1711 | D:2      | Found a shadowy altar of Dithmenos.
  1730 | D:2      | Reached skill level 5 in Stealth
  1763 | D:2      | XOM: give mutations
  1763 | D:2      | Gained mutation: You are clumsy. (Dex -2) [Xom's mischief]
  1763 | D:2      | Gained mutation: You are frail. (-10% HP) [Xom's mischief]
  1763 | D:2      | Gained mutation: You evolve. [Xom's mischief]
  1868 | D:2      | Noticed a crocodile
  1868 | D:2      | a worm changed into a crocodile
  1871 | D:2      | XOM: butterfly on damage
  1874 | D:2      | Noticed Natasha
  1972 | D:1      | XOM: medium Air miscast
  2118 | D:1      | Killed Natasha
  2609 | D:3      | Found a bloodstained altar of Trog.
  2733 | D:3      | Found a stormy altar of Qazlal.
  2735 | D:3      | Reached skill level 6 in Stealth
  2819 | D:3      | XOM: torment (13/24 hp)
  3013 | D:3      | Reached XP level 5. HP: 27/27 MP: 7/7
  3245 | D:4      | Found a staircase to the Ecumenical Temple.
  3245 | D:4      | Noticed Sapher's ghost (amateur DECj)
  3246 | D:4      | XOM: harmless Tmut miscast
  3247 | D:4      | XOM: give mutations
  3247 | D:4      | Lost mutation: You are frail. (-10% HP) [Xom's mischief]
  3247 | D:4      | Gained mutation: You are occasionally teleported next to monsters. [Xom's mischief]
  3247 | D:4      | Gained mutation: You are frail. (-10% HP) [Xom's mischief]
  3250 | D:4      | XOM: repel stairs
  3571 | D:4      | Noticed Pikel
  3571 | D:4      | Noticed a slave
  3571 | D:4      | Noticed a slave
  3571 | D:4      | Noticed a slave
  3571 | D:4      | Noticed a slave
  3580 | D:4      | XOM: butterfly on damage
  3583 | D:4      | XOM: enchant monster (good)
  3584 | D:4      | Noticed a phantom
  3609 | D:4      | XOM: stat loss: -1 Int (16/17)
  3623 | D:4      | XOM: divination: detect creatures
  3639 | D:4      | XOM: blink monster(s)
  3871 | D:3      | XOM: cast spell 'Necromutation'
  4087 | D:4      | Found a sacrificial altar of Ru.
  4116 | D:4      | XOM: draining
  4146 | D:4      | Noticed Edmund
  4215 | D:4      | XOM: potion effect (might)
  4216 | D:4      | Killed Pikel
  4216 | D:4      | Reached skill level 10 in Stealth
  4216 | D:4      | Reached XP level 6. HP: 32/32 MP: 8/8
  4216 | D:4      | Reached XP level 7. HP: 36/36 MP: 9/9
  4246 | D:4      | XOM: summons 2 hostile demons
  4280 | D:4      | Noticed a fire bat
  4280 | D:4      | a freed slave changed into a fire bat
  4280 | D:4      | XOM: polymorph freed slave -> fire bat
  4333 | D:3      | XOM: mild Fire miscast
  4518 | D:3      | Gained mutation: Your spells are a little harder to cast, but a little more powerful. [evolution]
  4518 | D:3      | Lost mutation: You evolve. [end of evolution]
  4689 | D:4      | XOM: butterfly on damage
  4689 | D:4      | XOM: smoke on damage
  4693 | D:4      | HP: 6/36 [phantom (4)]
  4715 | D:4      | Noticed a blink frog
  5039 | D:4      | XOM: smoke on damage
  5046 | D:4      | XOM: harmless Fire miscast
  5049 | D:5      | Entered Level 5 of the Dungeon
  5472 | D:5      | XOM: divination: detect creatures
  5500 | D:5      | Found a sparkling altar of Nemelex Xobeh.
  5741 | D:5      | XOM: enchant monster (good)
  5743 | D:5      | XOM: polymorph centaur -> big kobold
  6002 | D:6      | Learned a level 4 spell: Petrify
  6118 | D:6      | XOM: enchant monster (bad)
  6452 | D:6      | Reached XP level 8. HP: 36/40 MP: 10/10
  6526 | D:6      | XOM: harmless Fire miscast
  6626 | D:6      | XOM: harmless Tloc miscast
  6869 | D:6      | XOM: mild Air miscast
  7138 | D:6      | Found an ancient bone altar of Kikubaaqudgha.
  7286 | D:6      | Found Gaguagac's Assorted Antiques.
  7402 | D:6      | Found a hide-covered altar of Uskayaw.
  7475 | D:6      | XOM: butterfly on damage
  7580 | D:7      | HP: 3/40 [gnoll shaman/club (8)]
  7582 | D:7      | Lost mutation: You are clumsy. (Dex -2) [potion of cure mutation]
  7582 | D:7      | Lost mutation: You are frail. (-10% HP) [potion of cure mutation]
  7582 | D:7      | Lost mutation: Your spells are a little harder to cast, but a little more powerful. [potion of cure mutation]
  7582 | D:7      | Lost mutation: You are occasionally teleported next to monsters. [potion of cure mutation]
  7582 | D:7      | Slain by a gnoll

Vault maps used:
D:1:      mrwooster_arrival_statue_2, wad_floor_pattern_untrapped,
          kennysheep_doodads
D:2:      gammafunk_temple_overflow_wave, first_bread, grunt_ministairs_6,
          nicolae_tso_carved_into_rock, uniq_robin, uniq_sigmund, uniq_natasha
D:3:      bloody_trog, grunt_qazlal_clouds, minmay_bisected
D:4:      nicolae_ru_sacrificial_ziggurat, uniq_edmund, uniq_pikel,
          uniq_eustachio
D:5:      basic_altar
D:6:      overflow_temple_1_default, nicolae_overflow_hidden_temple,
          serial_aquarium, aquarium_bridge_long_joined, aquarium_window_1,
          aquarium_window_fake, aquarium_window_corner, aquarium_window_fake,
          aquarium_view_2e, aquarium_view_2d, aquarium_balcony_5b, serial_shops,
          nicolae_shop_statue_plus, kennysheep_minor_cross
D:7:      enter_bailey_3, grunt_ogre_cave, st_stairs_5,
          nicolae_dithmenos_shadow_blocks

Action                   |  1- 3 |  4- 6 |  7- 9 || total
-------------------------+-------+-------+-------++-------
Melee: Short sword       |    99 |   111 |   192 ||   402
Evoke: Wand              |       |     3 |     1 ||     4
  Use: Scroll            |     4 |     2 |       ||     6
       Potion            |       |       |     2 ||     2
 Stab: Sleeping          |     6 |     4 |     9 ||    19
       Petrified         |     2 |       |       ||     2
       Distracted        |     1 |       |       ||     1
       Confused          |       |       |     2 ||     2
       Paralysed         |       |       |     2 ||     2
  Eat: Chunk             |     2 |     5 |     5 ||    12
       Pizza             |       |     1 |       ||     1
       Beef jerky        |       |     1 |       ||     1
       Bread ration      |       |       |     1 ||     1
Armor: Leather armour    |    13 |    33 |    54 ||   100
Dodge: Dodged            |    40 |    66 |    79 ||   185
